 Dungeon Crawl Stone Soup version 0.27-a0-1281-ge233d83751 (webtiles) character file.

Game seed: 460048553260379869

176 deletemesenpai the Chopper (level 5, -2/46 HPs)
             Began as a Hill Orc Fighter on June 14, 2021.
             Was an Initiate of Beogh.
             Slain by a quokka (4 damage)
             ... on level 4 of the Dungeon.
             The game lasted 00:10:19 (3296 turns).

deletemesenpai the Chopper (Hill Orc Fighter)       Turns: 3296, Time: 00:10:20

Health: -2/46      AC:  7    Str: 19    XL:     5   Next: 56%
Magic:  5/5        EV:  7    Int:  8    God:    Beogh [......]
Gold:   235        SH:  9    Dex: 11    Spells: 4/4 levels left

rFire    . . .     SeeInvis .   a - +0 war axe
rCold    . . .     Faith    .   c - +0 kite shield
rNeg     . . .     Spirit   .   b - +0 scale mail
rPois    .         Reflect  .   (no helmet)
rElec    .         Harm     .   (no cloak)
rCorr    .         Rampage  .   (no gloves)
Will     .....                  (no boots)
Stlth    ..........             (no amulet)
HPRegen  0.15/turn              (no ring)
MPRegen  0.09/turn              (no ring)

@: mighty
A: no striking features
a: Renounce Religion


You were on level 4 of the Dungeon.
You worshipped Beogh.
Beogh was noncommittal.
You visited 1 branch of the dungeon, and saw 4 of its levels.

You collected 235 gold pieces.

Inventory:

Hand Weapons
 a - a +0 war axe (weapon)
Missiles
 j - 6 silver boomerangs (quivered)
Armour
 b - a +0 scale mail (worn)
 c - a +0 kite shield (worn)
Jewellery
 p - a ring of poison resistance
Scrolls
 e - 2 scrolls of blinking {unknown}
 f - 2 scrolls of vulnerability {unknown}
 i - a scroll of enchant weapon {unknown}
 o - a scroll of silence {unknown}
Potions
 g - 4 potions of mutation {unknown}
 h - a potion of curing {unknown}
 k - a potion of heal wounds {unknown}
 l - a potion of brilliance {unknown}
 m - a potion of cancellation {unknown}
 n - a potion of invisibility {unknown}
 q - a potion of degeneration {unknown}


   Skills:
 + Level 4.2 Fighting
 + Level 4.5(5.0) Axes
 * Level 1.5(2.8) Maces & Flails
 * Level 1.8(3.0) Polearms
 - Level 0.1 Throwing
 + Level 4.1 Armour
 + Level 4.0 Shields


You had 4 spell levels left.
You didn't know any spells.
Your spell library was empty.

Dungeon Overview and Level Annotations

Branches:
Dungeon (4/15)
 Temple: D:4-7

Altars:
Okawaru
Wu Jian
Beogh

Annotations:
D:4 Blork the orc


Message History

Blork the orc points at you and mumbles some strange words.
You block the puff of flame.
You slash Blork the orc!
Blork the orc is severely wounded.
An endoplasm comes into view.
You block the orc's attack.
Blork the orc gestures at you while chanting.
The puff of frost hits you but does no damage.
You block the quokka's attack. The orc closely misses you.
You barely miss Blork the orc.
Blork the orc is severely wounded.
You closely miss the quokka.
The endoplasm quivers.
Blork the orc casts a spell at you. The magic dart hits you.
You block the quokka's attack.
The orc hits you from afar with a +0 trident.
Blork the orc hits you with a +0 dire flail!
You block the quokka's attack.
You closely miss Blork the orc.
Blork the orc is severely wounded.
You closely miss the quokka. You block the orc's attack.
You block the quokka's attack.
Blork the orc hits you with a +0 dire flail!
The orc hits you from afar with a +0 trident.
* * * LOW HITPOINT WARNING * * *
You closely miss Blork the orc.
Blork the orc is severely wounded.
You closely miss the quokka. You block the quokka's attack.
Blork the orc closely misses you. You block the orc's attack.
The quokka bites you but does no damage.
Blork the orc hits you with a +0 dire flail!
* * * LOW HITPOINT WARNING * * *
You block the quokka's attack.
The quokka bites you but does no damage.
The quokka barely misses you. The endoplasm freezes you.
You are frozen.
* * * LOW HITPOINT WARNING * * *
The quokka bites you.
You die...

#.........#.........#.........
#.........#.........#.J.....<.
#.........#.........#........[
#.........#.........#.........
#..(......#...Jo....#..>......
#########.####.##.####.####..#
##...####.####o##.## #.# ..#
#............#r....#
#............@.....+
#............#.....#
##+##..#######....##
..#.##..###..#####+#
..............#
..............#
..............#
#...##...##...+ #### #####
...#


You could see Blork the orc, an orc, an endoplasm and a quokka.

Vanquished Creatures
  Natasha (thrice) (D:3)
  3 adders
  A worm (D:2)
  A dart slug (D:3)
  3 orcs
  4 endoplasms
  4 giant cockroaches
  4 hobgoblins
  6 jackals
  5 quokkas
  8 ball pythons
  3 bats (D:1)
  3 frilled lizards
  7 goblins
  4 kobolds
  3 rats (D:1)
62 creatures vanquished.

Vanquished Creatures (others)
  An orc (D:3)
  An endoplasm (D:3)
  A jackal (D:3)
3 creatures vanquished.

Grand Total: 65 creatures vanquished

Notes
Turn   | Place    | Note
-------+----------+-------------------------------------------
     0 | D:1      | deletemesenpai the Hill Orc Fighter began the quest for the
                  | Orb.
     0 | D:1      | Reached XP level 1. HP: 19/19 MP: 1/1
   402 | D:1      | Found a faded altar of an unknown god.
   413 | D:1      | Reached XP level 2. HP: 27/27 MP: 2/2
   744 | D:1      | Reached XP level 3. HP: 23/33 MP: 3/3
  1179 | D:2      | Reached skill level 1 in Polearms
  1355 | D:2      | Reached skill level 1 in Maces & Flails
  1356 | D:2      | Reached XP level 4. HP: 36/40 MP: 4/4
  1357 | D:2      | Found an iron altar of Okawaru.
  1433 | D:2      | HP: 2/40 [iguana (9)]
  2489 | D:3      | Noticed Natasha
  2503 | D:3      | Killed Natasha
  2558 | D:3      | Noticed Natasha
  2574 | D:3      | Killed Natasha
  2575 | D:3      | Reached XP level 5. HP: 35/46 MP: 5/5
  2583 | D:3      | Noticed Natasha
  2603 | D:3      | Killed Natasha
  2729 | D:3      | Found an ornate altar of the Wu Jian Council.
  2919 | D:3      | Found a roughly hewn altar of Beogh.
  2920 | D:3      | Became a worshipper of Beogh the Brigand
  3269 | D:4      | Noticed Blork the orc
  3283 | D:4      | HP: 1/46 [Blork the orc (12)]
  3292 | D:4      | HP: 2/46 [frozen (1)]
  3296 | D:4      | Slain by a quokka

Illustrated notes

Levels and vault maps discovered:
D:1:      doesnt_arrival_eight_statues, layout_loops_ring,
          basic_ecumenical_altar, hangedman_decor_push, minmay_tetromino_i2
D:2:      layout_rooms, basic_altar
D:3:      layout_basic, nicolae_wu_jian_immortal_techniques,
          kennysheep_orc_chapel, uniq_natasha
D:4:      layout_gridville, lemuel_doored_altar, nicolae_vehumet_altar_sigil,
          minmay_temple_entry_overgrown, uniq_blork_the_orc, uniq_sigmund,
          uniq_edmund

Skill      XL: |  1  2  3  4  5 |
---------------+----------------+-----
Axes           | 3 4 |  4.5
Polearms       | 1 |  1.8
Fighting       | 4 |  4.2
Maces & Flails | 1 |  1.5
Armour         | 4 |  4.1
Shields        | 4 |  4.0
Throwing       | |  0.1

Action                   |  1- 3 |  4- 6 || total
-------------------------+-------+-------++-------
Melee: War axe           |    89 |   102 ||   191
Throw: Boomerang         |       |    12 ||    12
Invok: Convert to Beogh  |       |     1 ||     1
  Use: Potion            |       |     1 ||     1
Armor: Scale mail        |    61 |    54 ||   115
Dodge: Dodged            |    34 |    57 ||    91
Block: Kite shield       |    72 |    66 ||   138

Table legend: (Time is in decaauts)
 A = Elapsed time spent in this place.
 B = Non-inter-level travel time spent in this place.
 C = Inter-level travel time spent in this place.
 D = Time resting spent in this place.
 E = Time spent auto-exploring this place.
 F = Levels seen in this place.
 G = Mean time per level.
                   A        B        C        D        E       F      G
               +--------+--------+--------+--------+--------+-----+--------+
         Total |   3427 |   3420 |      7 |    544 |   1545 |   4 |  856.8 |
       Dungeon |   3427 |   3420 |      7 |    544 |   1545 |   4 |  856.8 |
               +--------+--------+--------+--------+--------+-----+--------+

Top non-repeatable levels by time:
     D:1: 1380 daAuts
     D:2: 983 daAuts
     D:3: 981 daAuts
     D:4: 82 daAuts
